AoeStats
← Cikolko.kenobi

Nomad

509658515Analyzed
2v2 RM · 4d ago on Sep 27, 2026· 95m 25s· 4 players
Game mode
Random Map
Map size
176×176
Population
200
Speed
Normal
Resources
Standard
Victory
Conquest
Starting age
Dark Age
Ending age
Imperial Age
RankedLock teamsTeams togetherTeam positionsShared explorationLock speedFull tech treeHidden civsTurbo modeCheats
Victory
Defeat
🇨🇿 Celts · Czechia
1067
+13
🇸🇰 Turks · Slovakia
1067
+13
🇹🇷 Saxons · Türkiye
1073
-16
🇹🇷 Slavs · Türkiye
930
-10
obivan.kenobi
4:48 Loom
14:17 Feudal Age
17:12 Scale Barding Armor
17:18 Forging
16:52 Horse Collar
22:43 Castle Age
22:59 Double-Bit Axe
24:51 Husbandry
26:04 Heavy Plow
28:14 Iron Casting
30:04 Chain Barding Armor
33:04 Gold Mining
33:05 Stone Mining
34:04 Ballistics
34:23 Scale Mail Armor
35:12 Stone Shaft Mining
35:22 Wheelbarrow
38:09 Bow Saw
44:22 Imperial Age
43:07 Murder Holes
43:22 Masonry
43:23 Fortified Wall
50:51 Cavalier
60:19 Blast Furnace
58:42 Light Cavalry
61:56 Hussar
64:41 Chemistry
63:32 Heated Shot
68:54 Elite Woad Raider
71:08 Hoardings
71:36 Conscription
70:47 Sappers
79:12 Man-at-Arms
79:38 Gambesons
79:39 Arson
79:15 Pikeman
80:27 Chain Mail Armor
81:39 Stronghold
83:47 Hand Cart
83:22 Town Watch
83:28 Long Swordsman
83:31 Halberdier
85:54 Plate Mail Armor
88:58 Two-Handed Swordsman
89:36 Champion
89:39 Paladin
93:26 Guard Tower
93:42 Siege Engineers
93:23 Arrowslits
94:00 Shipwright
93:50 Clinker Construction
93:51 Careening
94:12 Town Patrol
Cikolko.kenobi
4:00 Loom
13:18 Feudal Age
15:35 Double-Bit Axe
17:36 Town Watch
18:26 Padded Archer Armor
22:28 Castle Age
21:27 Scale Mail Armor
25:32 Murder Holes
30:37 Fletching
35:47 Imperial Age
33:56 Wheelbarrow
35:23 Horse Collar
37:36 Bodkin Arrow
40:25 Husbandry
41:22 Bloodlines
41:32 Hand Cart
41:58 Leather Archer Armor
43:51 Thumb Ring
45:49 Scale Barding Armor
45:55 Forging
46:46 Ballistics
49:29 Conscription
50:53 Crossbowman
56:05 Bow Saw
57:19 Ring Archer Armor
56:50 Bracer
58:46 Chain Barding Armor
60:40 Iron Casting
66:07 Gold Mining
65:58 Heavy Scorpion
71:19 Plate Barding Armor
71:45 Blast Furnace
71:40 Gold Shaft Mining
78:41 Chain Mail Armor
84:27 Elite Janissary
86:25 Medium Warships
86:40 Masonry
88:10 Heavy Warships
91:36 Heavy Camel Rider
94:44 Squires
ypized
13:27 Feudal Age
17:53 Scale Barding Armor
19:07 Forging
24:00 Wheelbarrow
26:39 Castle Age
28:18 Fletching
28:28 Padded Archer Armor
27:53 Elite Skirmisher
31:36 Bodkin Arrow
31:56 Leather Archer Armor
43:41 Imperial Age
53:15 Capped Ram
57:32 Ballistics
59:21 Chemistry
57:48 Siege Ram
69:08 Hand Cart
69:48 Gold Mining
70:21 Detinets
71:43 Elite Boyar
Prof_Lapa
5:07 Loom
12:31 Feudal Age
13:07 Double-Bit Axe
23:08 Castle Age
22:07 Scale Mail Armor
22:24 Man-at-Arms
23:15 Forging
23:59 Squires
24:18 Fishing Lines
32:05 Pikeman
36:02 Arson
37:34 Chain Mail Armor
44:42 Imperial Age
54:41 Iron Casting
56:18 Elite Varangian Guard
59:07 Gold Mining
60:15 Conscription
61:34 Halberdier
67:03 Horse Collar
68:38 Gambesons
70:33 Plate Mail Armor
89:59 Fletching
Connection lost

Rejoining the realm…

Still unreachable

The connection could not be restored.

Session expired

The server has moved on; the page needs a fresh start.